 Dungeon Crawl Stone Soup version 0.31-a0-263-ge8cad7f256 (webtiles) character file.

Game seed: 11058623068778782523

36052 qw the Marksminotaur (level 13, -4/122 HPs)
             Began as a Minotaur Hexslinger on July 13, 2023.
             Was a High Priest of Okawaru.
             Slain by a skyshark (5 damage)
             ... while paralysed by a floating eye
             ... on level 3 of the Lair of Beasts.
             The game lasted 00:06:35 (13295 turns).

qw the Marksminotaur (Minotaur Hexslinger)         Turns: 13295, Time: 00:06:36

Health: -4/122     AC: 12    Str: 14      XL:     13   Next: 50%
Magic:  19/19      EV:  2    Int: 13 (14) God:    Okawaru [*****.]
Gold:   598        SH:  0    Dex: 23      Spells: 13/14 levels left

rFire   . . .        w - +4 arbalest (elec)
rCold   . . .        (shield currently unavailable)
rNeg    . . .        t - +3 leather armour "Ceucrug" {rPois Slay+4}
rPois   +            (helmet restricted)
rElec   +            a - +2 cloak
rCorr   .            g - +1 pair of gloves
SInv    .            (no boots)
Will    +....        d - amulet of faith
Stlth   +++          k - +5 ring of evasion
HPRegen 0.40/turn    h - ring of Autumn {rElec Will+ Int+4 Dex+6}
MPRegen 0.16/turn

%: faith
@: paralysed, heroic
A: horns 2, retaliatory headbutt
a: Renounce Religion, Heroism, Finesse, Duel


You were on level 3 of the Lair of Beasts.
You worshipped Okawaru.
Okawaru was extremely pleased with you.
You visited 3 branches of the dungeon, and saw 15 of its levels.
You also visited: Ossuary.

You collected 820 gold pieces.
You spent 222 gold pieces at shops.


Innate Abilities, Weirdness & Mutations

You have a pair of horns on your head.
You reflexively headbutt those who attack you in melee.


   Skills:
 - Level 13.0(18.0) Fighting
 + Level 16.5(21.5) Ranged Weapons
 - Level 3.1(8.1) Armour
 - Level 11.3(16.3) Dodging
 - Level 1.0 Spellcasting
 - Level 2.0 Hexes
 - Level 10.0 Invocations


You had 13 spell levels left.
You knew the following spells:

 Your Spells              Type           Power      Damage    Failure   Level
a - Slow                  Hex            20%        N/A       14%         1

Your spell library contained the following spells:

 Spells                   Type           Power      Damage    Failure   Level
 Inner Flame              Hex/Fire       3%         N/A       54%         3
 Portal Projectile        Hex/Tloc       6%         N/A       54%         3
 Cause Fear               Hex            2%         N/A       82%         4

Inventory:

Hand Weapons
 w - a +4 arbalest of electrocution (weapon)
Armour
 a - a +2 cloak (worn)
 g - a +1 pair of gloves (worn)
 n - the +5 ring mail of qw's Duty {rElec rCorr Str-2 SInv}
   (Okawaru gifted it to you on level 1 of the Lair of Beasts)

   Str:       It affects your strength (-2).
   rElec:     It insulates you from electricity.
   SInv:      It lets you see invisible.
   rCorr:     It protects you from acid and corrosion.
 p - the +5 robe of Relativism {+Blink rF- Int-3 Dex+6}
   (You found it on level 7 of the Dungeon)

   Int:       It affects your intelligence (-3).
   Dex:       It affects your dexterity (+6).
   rF:        It makes you vulnerable to fire.
   +Blink:    It lets you blink.
 q - a +1 leather armour of fire resistance
 t - the +3 leather armour "Ceucrug" (worn) {rPois Slay+4}
   (You found it on level 8 of the Dungeon)

   Slay:      It affects your accuracy & damage with ranged weapons and melee
   (+4).
   rPois:     It protects you from poison.
Jewellery
 d - an amulet of faith (around neck)
 h - the ring of Autumn (right hand) {rElec Will+ Int+4 Dex+6}
   (You acquired it on level 4 of the Dungeon)

   [ring of willpower]

   Int:       It affects your intelligence (+4).
   Dex:       It affects your dexterity (+6).
   rElec:     It insulates you from electricity.
   Will:      It increases your willpower.
 k - a +5 ring of evasion (left hand)
 v - an amulet of the acrobat
Wands
 o - a wand of digging (3)
Scrolls
 e - 5 scrolls of identify
Potions
 b - 3 potions of haste
 c - 4 potions of might
 f - 2 potions of cancellation
 j - 8 potions of curing
 l - 2 potions of mutation
 m - a potion of enlightenment
 s - a potion of resistance

Dungeon Overview and Level Annotations

Branches:
Dungeon (10/15)            Temple (1/1) D:6            Lair (4/5) D:10
  Swamp (0/4) Lair:3       Spider (0/4) Lair:3      Ossuary (visited)
  Slime: Lair:4-5       Orc: D:9-12

Altars:
Ashenzari
Cheibriados
Dithmenos
Elyvilon
Fedhas
Gozag
Hepliaklqana
Kikubaaqudgha
Makhleb
Nemelex Xobeh
Okawaru
Qazlal
Ru
Sif Muna
Trog
Uskayaw
Vehumet
Wu Jian
Xom
Yredelemnul
Zin
The Shining One

Shops:
D:5 !   D:6 (   D:7 (

Annotations:
D:3 2 transporters
D:7 1 runed translucent door, qw's ghost, novice GrHs


Message History

Enter note:
13288 ||| DRINKING 3 potions of heal wounds.
You feel much better. The skyshark bites you!
The skyshark completely misses you. x2
The skyshark misses you. You furiously retaliate!
You headbutt the skyshark! The skyshark closely misses you.
The skyshark completely misses you.
13289 ||| DRINKING 2 potions of heal wounds.
You feel much better. The skyshark bites you!! The skyshark closely misses you.
The skyshark tail-slaps you but does no damage.
The floating eye's stare focuses on you.
You shoot a bolt. The bolt hits the eye of devastation!!!
You kill the eye of devastation!
Okawaru accepts your kill. The skyshark completely misses you.
You furiously retaliate!
You headbutt the skyshark! The skyshark completely misses you.
The skyshark misses you. The skyshark completely misses you.
The skyshark misses you. The skyshark closely misses you.
You shoot a bolt. The bolt barely misses the skyshark.
The skyshark completely misses you.
The skyshark tail-slaps you but does no damage.
The skyshark tail-slaps you! The skyshark closely misses you.
You furiously retaliate!
You headbutt the skyshark. The skyshark misses you. x2
13292 ||| DRINKING potion of heal wounds.
You feel much better. The skyshark completely misses you.
You furiously retaliate!
You headbutt the skyshark! The skyshark closely misses you.
The skyshark barely misses you.
You shoot a bolt. The bolt closely misses the skyshark.
The skyshark completely misses you. The skyshark tail-slaps you.
The skyshark closely misses you. The skyshark misses you.
The skyshark closely misses you. The skyshark misses you.
You shoot a bolt. The bolt hits the skyshark.
The skyshark is heavily wounded.
The floating eye gazes piercingly through you!
You suddenly lose the ability to move!
The skyshark bites you! The skyshark tail-slaps you!
The skyshark tail-slaps you but does no damage.
The skyshark bites you! The skyshark tail-slaps you. x2
You die...

###### ###....##### ###..#
...PP####..........###...P#
.....##.................PP#
##.............<........###
###.#..................#
#######..............#
##............###
###............# ##..@G.....###
#.l.#.(..## ### ###..#.....#
####.#####.#.#.#....###
#........#..#####...#.###
#............###.....#..#######
####............#.........P##....
.##..........#.........#.........
####.......#####....##########...


You could see a skyshark (berserk) and a floating eye.

Vanquished Creatures
  Gastronok (Lair:3)
  Josephine (Lair:3)
  A two-headed ogre (D:10)
  Erica (D:8)
  A boulder beetle (Lair:1)
  2 death yaks (Lair:1)
  Sonja (D:10)
  Amaemon (Lair:2)
  A fire crab (Lair:3)
  An orange crystal statue (Lair:3)
  Pikel (D:8)
  Joseph (D:8)
  A torpor snail (Lair:1)
  2 black mambas
  An orange demon (Lair:2)
  An eye of devastation (Lair:3)
  13 elephants
  Psyche (D:8)
  12 cane toads
  8 komodo dragons
  A hornet (D:8)
  Grinder (D:6)
  4 trolls
  8 blink frogs
  2 wyverns
  5 wraiths (Lair:3)
  A basilisk (Lair:2)
  30 yaks
  2 redbacks (Lair:3)
  2 steam dragons (D:8)
  Menkaure (D:5)
  2 wargs (D:10)
  An acid dragon (D:9)
  10 water moccasins
  Pargi (D:3)
  2 ice beasts (D:7)
  2 black bears
  9 orc warriors
  A sky beast (D:7)
  5 ogres
  13 wolves
  2 lemures (D:8)
  7 centaurs
  A kobold brigand (D:8)
  A gnoll sergeant (D:10)
  2 scorpions (D:5)
  9 bullfrogs
  12 wights
  7 killer bees
  2 electric eels (D:6)
  2 vampire bats (D:5)
  A howler monkey (D:10)
  3 lava snakes (Lair:3)
  2 hounds (D:5)
  4 orc priests
  A sleepcap (D:5)
  7 gnoll boudas
  7 orc wizards
  5 hell rats (Lair:2)
  13 iguanas
  24 gnolls
  7 adders
  A shadow imp (D:6)
  4 white imps
  An ufetubus (D:5)
  A worm (D:3)
  3 dart slugs
  36 orcs
  10 ball pythons
  7 bats
  A bat skeleton (D:5)
  5 bat zombies (D:5)
  13 endoplasms
  7 giant cockroaches
  4 goblins
  4 hobgoblins
  7 quokkas
  A frilled lizard (D:3)
  10 hobgoblin zombies (Ossuary)
  16 kobolds
  4 kobold zombies (Ossuary)
  6 orc zombies (Ossuary)
  4 rats
419 creatures vanquished.

Vanquished Creatures (others)
  A wight (D:8)
  An orc (D:8)
2 creatures vanquished.

Grand Total: 421 creatures vanquished

Notes
Turn   | Place    | Note
-------+----------+-------------------------------------------
     0 | D:1      | qw the Minotaur Hexslinger began the quest for the Orb.
     0 | D:1      | Reached XP level 1. HP: 16/16 MP: 1/1
     0 | D:1      | 0 ||| qw: Version: 0.3-a-52-g30416fa
     0 | D:1      | 0 ||| qw: Game counter: 7397
     0 | D:1      | 0 ||| qw: Melee chars always use a shield: true
     0 | D:1      | 0 ||| qw: God list: Okawaru
     0 | D:1      | 0 ||| qw: Allow faded altars: false
     0 | D:1      | 0 ||| qw: Do Orc after clearing Dungeon:15 true
     0 | D:1      | 0 ||| qw: Do second Lair branch before Depths: true
     0 | D:1      | 0 ||| qw: Lair rune preference: random
     0 | D:1      | 0 ||| qw: Goals: Normal
     0 | D:1      | 0 ||| PLANNING D:1-11
   314 | D:1      | Reached skill level 3 in Ranged Weapons
   314 | D:1      | Reached XP level 2. HP: 13/23 MP: 2/2
   928 | D:1      | 928 ||| UPGRADING to +0 ring mail.
   938 | D:1      | 938 ||| DROPPING +0 robe.
   939 | D:1      | 939 ||| UPGRADING to +5 ring of evasion.
   940 | D:1      | 940 ||| DROPPING ring of wizardry.
   941 | D:1      | 941 ||| READING scroll labelled OLUITU ZOVU.
   942 | D:1      | 942 ||| READING 2 scrolls labelled BUNULUITEBB.
   943 | D:1      | 943 ||| READING scroll labelled GYCWUAMOIN.
   944 | D:1      | 944 ||| READING scroll labelled TIL FUIDDIAKH.
   945 | D:1      | 945 ||| READING scroll labelled PISAOT IMURY.
   946 | D:1      | 946 ||| READING scroll labelled NERYNL SIXASTIES.
   947 | D:1      | 947 ||| DROPPING scroll of poison.
  1020 | D:2      | Reached XP level 3. HP: 29/29 MP: 3/3
  1363 | D:2      | Reached skill level 4 in Ranged Weapons
  1437 | D:2      | Reached skill level 1 in Armour
  1465 | D:2      | Reached XP level 4. HP: 35/36 MP: 4/4
  1746 | D:2      | 1746 ||| UPGRADING to +0 cloak.
  1751 | D:2      | 1751 ||| UPGRADING to amulet of faith.
  1756 | D:2      | 1756 ||| READING scroll labelled ZEOQUEDWIE.
  1757 | D:2      | 1757 ||| READING 3 scrolls labelled GITUVV ASOUTH.
  1758 | D:2      | 1758 ||| DROPPING 2 scrolls of fear.
  1820 | D:3      | Found a transporter.
  1967 | D:3      | 1967 ||| Stepping ~*~*~tactically~*~*~ (outnumbered).
  1982 | D:3      | Reached skill level 5 in Ranged Weapons
  1984 | D:3      | 1984 ||| FLEEEEING.
  1985 | D:3      | 1985 ||| FLEEEEING.
  1986 | D:3      | 1986 ||| FLEEEEING.
  2034 | D:3      | 2034 ||| READING scroll of enchant armour.
  2034 | D:3      | 2034 ||| ENCHANTING +0 cloak.
  2221 | D:3      | Found a transporter.
  2258 | D:3      | Noticed Pargi
  2268 | D:3      | Killed Pargi
  2269 | D:3      | Reached XP level 5. HP: 23/47 MP: 5/5
  2283 | D:3      | 2283 ||| FLEEEEING.
  2284 | D:3      | 2284 ||| STAIRDANCE
  2357 | D:2      | 2357 ||| DRINKING 2 emerald potions.
  2358 | D:2      | 2358 ||| READING 2 scrolls of identify.
  2358 | D:2      | 2358 ||| IDENTIFYING smoky pink potion
  2500 | D:3      | 2500 ||| UPGRADING to +0 troll leather armour {Pargi}.
  2510 | D:3      | 2510 ||| DROPPING +0 ring mail.
  2511 | D:3      | 2511 ||| READING scroll labelled USITAADWISCH.
  3028 | D:4      | Found a sacrificial altar of Ru.
  3029 | D:4      | Found a blossoming altar of Fedhas.
  3030 | D:4      | Found a white marble altar of Elyvilon.
  3030 | D:4      | Noticed a black bear
  3041 | D:4      | Killed a black bear
  3042 | D:4      | Reached skill level 6 in Ranged Weapons
  3042 | D:4      | Reached XP level 6. HP: 49/53 MP: 6/6
  3045 | D:4      | Found a broken altar of Ashenzari.
  3088 | D:4      | Found a hide-covered altar of Uskayaw.
  3157 | D:4      | 3157 ||| READING scroll labelled FICEKEG FYAFEMM.
  3157 | D:4      | Identified a scroll of acquirement
  3157 | D:4      | 3157 ||| ACQUIRING ring of Autumn {rElec Will+ Int+4 Dex+6}
  3157 | D:4      | Acquired the ring of Autumn {rElec Will+ Int+4 Dex+6}
  3159 | D:4      | 3159 ||| UPGRADING to ring of Autumn {rElec Will+ Int+4
                  | Dex+6}.
  3160 | D:4      | 3160 ||| READING scroll labelled TYMUETULAT.
  3167 | D:5      | Entered Level 5 of the Dungeon
  3168 | D:5      | 3168 ||| PLANNING OSSUARY
  3183 | D:5      | 3183 ||| Stepping ~*~*~tactically~*~*~ (water).
  3251 | D:5      | Reached skill level 3 in Dodging
  3305 | D:5      | Reached XP level 7. HP: 60/60 MP: 7/7
  3411 | D:5      | Noticed a yak
  3412 | D:5      | Reached skill level 7 in Ranged Weapons
  3428 | D:5      | Killed a yak
  3439 | D:5      | Reached skill level 8 in Ranged Weapons
  3522 | D:5      | Found Fopsawk's Distillery.
  3531 | D:5      | 3531 ||| BUYING potion of curing (45 gold).
  3531 | D:5      | Bought a potion of curing for 45 gold pieces
  3531 | D:5      | 3531 ||| BUYING potion of curing (45 gold).
  3531 | D:5      | Bought a potion of curing for 45 gold pieces
  3531 | D:5      | 3531 ||| BUYING potion of curing (45 gold).
  3531 | D:5      | Bought a potion of curing for 45 gold pieces
  3531 | D:5      | 3531 ||| BUYING potion of curing (45 gold).
  3531 | D:5      | Bought a potion of curing for 45 gold pieces
  3531 | D:5      | 3531 ||| SHOPLISTING potion of might (60 gold, have 42).
  3742 | D:5      | Found a sand-covered staircase.
  3743 | D:5      | 3743 ||| DROPPING +4 ring mail.
  3744 | D:5      | 3744 ||| READING scroll labelled TEWEAN UMNUTH.
  3745 | D:5      | 3745 ||| READING scroll labelled DEOHUSAHEUC.
  3746 | D:5      | 3746 ||| DRINKING 2 bubbling orange potions.
  3747 | D:5      | 3747 ||| READING 3 scrolls of identify.
  3747 | D:5      | 3747 ||| IDENTIFYING clear potion
  3748 | D:5      | 3748 ||| READING 2 scrolls of identify.
  3748 | D:5      | 3748 ||| IDENTIFYING brown potion
  3749 | D:5      | 3749 ||| DROPPING potion of brilliance.
  3750 | D:5      | 3750 ||| DROPPING potion of berserk rage.
  3757 | Ossuary  | Entered an ossuary
  3908 | D:5      | 3908 ||| PLANNING D:1-11
  4251 | D:5      | Noticed Menkaure
  4264 | D:5      | Killed Menkaure
  4265 | D:5      | Reached skill level 9 in Ranged Weapons
  4265 | D:5      | Reached XP level 8. HP: 39/68 MP: 8/8
  4308 | D:5      | Found an ancient bone altar of Kikubaaqudgha.
  4797 | D:6      | Noticed Grinder
  4805 | D:6      | Reached skill level 6 in Fighting
  4822 | D:6      | Killed Grinder
  4850 | D:6      | Found a staircase to the Ecumenical Temple.
  4851 | D:6      | 4851 ||| PLANNING TEMPLE
  4851 | D:6      | 4851 ||| READING 2 scrolls of identify.
  4851 | D:6      | 4851 ||| IDENTIFYING murky amethyst potion
  4866 | D:6      | Reached skill level 10 in Ranged Weapons
  4879 | D:6      | 4879 ||| FLEEEEING.
  4880 | D:6      | 4880 ||| FLEEEEING.
  4881 | D:6      | 4881 ||| FLEEEEING.
  4882 | D:6      | 4882 ||| FLEEEEING.
  4883 | D:6      | 4883 ||| FLEEEEING.
  4884 | D:6      | 4884 ||| FLEEEEING.
  4885 | D:6      | 4885 ||| FLEEEEING.
  4886 | D:6      | 4886 ||| FLEEEEING.
  4887 | D:6      | 4887 ||| FLEEEEING.
  4888 | D:6      | 4888 ||| FLEEEEING.
  4889 | D:6      | 4889 ||| FLEEEEING.
  4924 | Temple   | Entered the Ecumenical Temple
  5020 | Temple   | 5020 ||| PLANNING OKAWARU WORSHIP
  5111 | Temple   | Became a worshipper of Warmaster Okawaru
  5112 | Temple   | 5112 ||| PLANNING D:1-11
  5155 | D:6      | Found Tousadegess's Firing Range.
  5160 | D:6      | 5160 ||| BUYING +0 orcbow (42 gold).
  5160 | D:6      | Bought a +0 orcbow for 42 gold pieces
  5160 | D:6      | 5160 ||| SWAPPING to +0 orcbow.
  5161 | D:6      | 5161 ||| DROPPING +2 sling of freezing.
  5172 | D:6      | Reached XP level 9. HP: 79/79 MP: 9/9
  5374 | D:6      | 5374 ||| FLEEEEING.
  5375 | D:6      | 5375 ||| FLEEEEING.
  5512 | D:6      | 5512 ||| READING 2 scrolls of identify.
  5512 | D:6      | 5512 ||| IDENTIFYING fuming silvery potion
  5553 | D:7      | 5553 ||| STAIRDANCE
  5565 | D:7      | 5565 ||| STAIRDANCE
  5577 | D:7      | 5577 ||| STAIRDANCE
  5621 | D:7      | 5621 ||| STAIRDANCE
  5643 | D:7      | 5643 ||| STAIRDANCE
  5694 | D:7      | Reached skill level 11 in Ranged Weapons
  5704 | D:7      | Found a runed translucent door.
  5704 | D:7      | Noticed qw's ghost (novice GrHs)
  5731 | D:7      | Identified the +5 robe of Relativism {+Blink rF- Int-3
                  | Dex+6}
  5754 | D:7      | Reached * piety under Okawaru
  5760 | D:7      | 5760 ||| INVOKING Heroism.
  5801 | D:7      | 5801 ||| Stepping ~*~*~tactically~*~*~ (outnumbered).
  5803 | D:7      | 5803 ||| Stepping ~*~*~tactically~*~*~ (outnumbered).
  5805 | D:7      | 5805 ||| Stepping ~*~*~tactically~*~*~ (outnumbered).
  5807 | D:7      | 5807 ||| Stepping ~*~*~tactically~*~*~ (outnumbered).
  5809 | D:7      | 5809 ||| Stepping ~*~*~tactically~*~*~ (outnumbered).
  5811 | D:7      | 5811 ||| Stepping ~*~*~tactically~*~*~ (outnumbered).
  5955 | D:7      | Reached skill level 1 in Invocations
  5971 | D:7      | Found Ufraiduss's Antique Weapon Shop.
  5982 | D:7      | 5982 ||| INVOKING Heroism.
  5989 | D:7      | Reached skill level 6 in Dodging
  5999 | D:7      | 5999 ||| INVOKING Heroism.
  6051 | D:7      | 6051 ||| SHOPLISTING glowing shortbow (156 gold, have 152).
  6099 | D:7      | 6099 ||| FLEEEEING.
  6102 | D:7      | Reached skill level 3 in Invocations
  6298 | D:7      | 6298 ||| UPGRADING to +5 robe of Relativism {+Blink rF-
                  | Int-3 Dex+6}.
  6308 | D:7      | 6308 ||| READING 2 scrolls of identify.
  6308 | D:7      | 6308 ||| IDENTIFYING sedimented brown potion
  6330 | D:8      | 6330 ||| STAIRDANCE
  6334 | D:7      | 6334 ||| INVOKING Heroism.
  6472 | D:8      | 6472 ||| INVOKING Heroism.
  6476 | D:8      | Reached ** piety under Okawaru
  6482 | D:8      | Reached XP level 10. HP: 54/86 MP: 9/12
  6533 | D:8      | Reached skill level 12 in Ranged Weapons
  6675 | D:8      | 6675 ||| INVOKING Heroism.
  6684 | D:8      | Noticed Erica
  6693 | D:8      | Killed Erica
  6693 | D:8      | Reached *** piety under Okawaru
  6694 | D:8      | Reached skill level 9 in Fighting
  6706 | D:8      | Identified the +3 leather armour "Ceucrug" {rPois Slay+4}
  6714 | D:8      | Noticed Joseph
  6731 | D:8      | Killed Joseph
  6824 | D:8      | Noticed Psyche
  6825 | D:8      | 6825 ||| INVOKING Heroism.
  6845 | D:8      | Killed Psyche
  6956 | D:8      | Noticed Pikel
  6957 | D:8      | 6957 ||| INVOKING Heroism.
  6982 | D:8      | Killed Pikel
  6982 | D:8      | Reached **** piety under Okawaru
  6997 | D:8      | 6997 ||| INVOKING Heroism.
  7003 | D:8      | 7003 ||| FLEEEEING.
  7004 | D:8      | 7004 ||| FLEEEEING.
  7005 | D:8      | 7005 ||| FLEEEEING.
  7006 | D:8      | 7006 ||| FLEEEEING.
  7007 | D:8      | 7007 ||| FLEEEEING.
  7008 | D:8      | 7008 ||| FLEEEEING.
  7009 | D:8      | 7009 ||| FLEEEEING.
  7010 | D:8      | 7010 ||| FLEEEEING.
  7011 | D:8      | 7011 ||| FLEEEEING.
  7012 | D:8      | 7012 ||| STAIRDANCE
  7161 | D:7      | 7161 ||| DROPPING +0 troll leather armour {Pargi}.
  7162 | D:7      | 7162 ||| UPGRADING to +3 leather armour "Ceucrug" {rPois
                  | Slay+4}.
  7309 | D:8      | 7309 ||| DROPPING +6 ring of intelligence.
  7329 | D:9      | Reached skill level 13 in Ranged Weapons
  7386 | D:9      | 7386 ||| INVOKING Heroism.
  7438 | D:9      | 7438 ||| INVOKING Heroism.
  7491 | D:9      | 7491 ||| INVOKING Heroism.
  7532 | D:9      | Found a bloodstained altar of Trog.
  7534 | D:9      | Found an opulent altar of Gozag.
  7548 | D:9      | 7548 ||| FLEEEEING.
  7549 | D:9      | 7549 ||| FLEEEEING.
  7594 | D:9      | Reached XP level 11. HP: 95/97 MP: 13/13
  7649 | D:9      | Found a burning altar of Makhleb.
  7702 | D:9      | 7702 ||| INVOKING Heroism.
  7738 | D:9      | 7738 ||| Stepping ~*~*~tactically~*~*~ (outnumbered).
  7740 | D:9      | 7740 ||| Stepping ~*~*~tactically~*~*~ (outnumbered).
  7742 | D:9      | 7742 ||| INVOKING Heroism.
  7746 | D:9      | 7746 ||| Stepping ~*~*~tactically~*~*~ (outnumbered).
  7809 | D:9      | 7809 ||| INVOKING Heroism.
  7847 | D:9      | 7847 ||| INVOKING Heroism.
  7924 | D:9      | 7924 ||| INVOKING Heroism.
  8097 | D:9      | 8097 ||| INVOKING Heroism.
  8104 | D:9      | Reached skill level 14 in Ranged Weapons
  8330 | D:9      | 8330 ||| INVOKING Heroism.
  8496 | D:9      | 8496 ||| READING scroll labelled QER WAR UGEH.
  8497 | D:9      | 8497 ||| READING scroll labelled SAVACOD IPYEXKUSYJ.
  8498 | D:9      | 8498 ||| READING 2 scrolls of identify.
  8498 | D:9      | 8498 ||| IDENTIFYING metallic pink potion
  8499 | D:9      | 8499 ||| DROPPING potion of lignification.
  8549 | D:10     | Entered Level 10 of the Dungeon
  8558 | D:10     | 8558 ||| INVOKING Heroism.
  8627 | D:10     | Noticed Sonja
  8631 | D:10     | Killed Sonja
  8778 | D:10     | 8778 ||| FLEEEEING.
  8779 | D:10     | 8779 ||| FLEEEEING.
  8780 | D:10     | 8780 ||| FLEEEEING.
  8781 | D:10     | 8781 ||| FLEEEEING.
  8782 | D:10     | 8782 ||| FLEEEEING.
  8786 | D:10     | 8786 ||| FLEEEEING.
  8787 | D:10     | 8787 ||| FLEEEEING.
  8850 | D:10     | Noticed a two-headed ogre
  8851 | D:10     | 8851 ||| INVOKING Heroism.
  8855 | D:10     | Killed a two-headed ogre
  8855 | D:10     | Received a gift from Okawaru
  8856 | D:10     | Reached skill level 6 in Invocations
  8927 | D:10     | 8927 ||| Stepping ~*~*~tactically~*~*~ (outnumbered).
  8929 | D:10     | 8929 ||| Stepping ~*~*~tactically~*~*~ (outnumbered).
  8935 | D:10     | 8935 ||| FLEEEEING.
  8968 | D:10     | Found a radiant altar of Vehumet.
  9024 | D:10     | Found a sparkling altar of Nemelex Xobeh.
  9066 | D:10     | 9066 ||| READING scroll of acquirement.
  9066 | D:10     | 9066 ||| ACQUIRING +3 orcbow of flaming
  9066 | D:10     | Acquired a +3 orcbow of flaming
  9068 | D:10     | 9068 ||| SWAPPING to +3 orcbow of flaming.
  9069 | D:10     | 9069 ||| DROPPING +0 orcbow.
  9162 | D:10     | 9162 ||| READING scroll of enchant armour.
  9162 | D:10     | 9162 ||| ENCHANTING +1 cloak.
  9196 | D:10     | 9196 ||| INVOKING Heroism.
  9235 | D:10     | Found a staircase to the Lair.
  9350 | D:10     | 9350 ||| PLANNING LAIR
  9350 | D:10     | 9350 ||| READING 3 scrolls of identify.
  9350 | D:10     | 9350 ||| IDENTIFYING viscous golden potion
  9351 | D:10     | 9351 ||| READING 2 scrolls of identify.
  9351 | D:10     | 9351 ||| IDENTIFYING inky potion
  9352 | D:10     | 9352 ||| DROPPING potion of ambrosia.
  9353 | D:10     | 9353 ||| DROPPING potion of attraction.
  9374 | Lair:1   | Entered Level 1 of the Lair of Beasts
  9434 | Lair:1   | You fall into a shaft and drop 1 floor!
  9444 | Lair:2   | 9444 ||| INVOKING Heroism.
  9597 | Lair:1   | Noticed a death yak
  9598 | Lair:1   | 9598 ||| INVOKING Heroism.
  9599 | Lair:1   | Noticed a death yak
  9604 | Lair:1   | Killed a death yak
  9605 | Lair:1   | Reached skill level 15 in Ranged Weapons
  9611 | Lair:1   | Killed a death yak
  9611 | Lair:1   | Reached ***** piety under Okawaru
  9645 | Lair:1   | 9645 ||| INVOKING Heroism.
  9648 | Lair:1   | Identified the +5 ring mail of qw's Duty {rElec rCorr Str-2
                  | SInv} (Okawaru gifted it to you on level 1 of the Lair of
                  | Beasts)
  9648 | Lair:1   | Received a gift from Okawaru
  9650 | Lair:1   | Reached XP level 12. HP: 97/106 MP: 13/16
  9706 | Lair:1   | 9706 ||| FLEEEEING.
  9707 | Lair:1   | 9707 ||| FLEEEEING.
  9708 | Lair:1   | 9708 ||| FLEEEEING.
  9709 | Lair:1   | 9709 ||| FLEEEEING.
  9710 | Lair:1   | 9710 ||| FLEEEEING.
  9711 | Lair:1   | 9711 ||| FLEEEEING.
  9712 | Lair:1   | 9712 ||| FLEEEEING.
  9734 | Lair:1   | 9734 ||| READING 2 scrolls of enchant weapon.
  9734 | Lair:1   | 9734 ||| ENCHANTING +3 orcbow of flaming.
  9735 | Lair:1   | 9735 ||| READING scroll of enchant weapon.
  9735 | Lair:1   | 9735 ||| ENCHANTING +4 orcbow of flaming.
  9814 | Lair:1   | Reached skill level 9 in Dodging
  9890 | Lair:1   | Noticed a boulder beetle
  9891 | Lair:1   | 9891 ||| INVOKING Heroism.
  9892 | Lair:1   | 9892 ||| INVOKING Finesse.
  9911 | Lair:1   | Killed a boulder beetle
 10307 | Lair:1   | 10307 ||| READING 2 scrolls of identify.
 10307 | Lair:1   | 10307 ||| IDENTIFYING glowing purple potion
 10334 | Lair:2   | Reached skill level 9 in Invocations
 10468 | Lair:2   | Noticed Amaemon
 10469 | Lair:2   | 10469 ||| Stepping ~*~*~tactically~*~*~ (outnumbered).
 10471 | Lair:2   | 10471 ||| Stepping ~*~*~tactically~*~*~ (outnumbered).
 10472 | Lair:2   | 10472 ||| Stepping ~*~*~tactically~*~*~ (outnumbered).
 10473 | Lair:2   | 10473 ||| Stepping ~*~*~tactically~*~*~ (outnumbered).
 10475 | Lair:2   | 10475 ||| INVOKING Heroism.
 10483 | Lair:2   | Killed Amaemon
 10484 | Lair:2   | Reached skill level 16 in Ranged Weapons
 10517 | Lair:2   | Reached skill level 3 in Armour
 10603 | Lair:2   | Identified the +1 crystal plate armour "Patas Ysk" {rN+
                  | Str+2} (Okawaru gifted it to you on level 2 of the Lair of
                  | Beasts)
 10603 | Lair:2   | Received a gift from Okawaru
 10738 | Lair:2   | 10738 ||| INVOKING Heroism.
 11418 | Lair:2   | 11418 ||| INVOKING Heroism.
 11774 | Lair:2   | 11774 ||| DRINKING 2 black potions.
 11775 | Lair:2   | 11775 ||| DROPPING potion of degeneration.
 11818 | Lair:3   | 11818 ||| INVOKING Heroism.
 11822 | Lair:3   | Reached XP level 13. HP: 102/117 MP: 16/19
 11834 | Lair:3   | Reached skill level 12 in Fighting
 12012 | Lair:3   | Noticed Josephine
 12017 | Lair:3   | Killed Josephine
 12065 | Lair:3   | Noticed Gastronok
 12066 | Lair:3   | 12066 ||| INVOKING Heroism.
 12079 | Lair:3   | Received a gift from Okawaru
 12104 | Lair:3   | Killed Gastronok
 12212 | Lair:3   | 12212 ||| SWAPPING to +2 arbalest of electrocution.
 12213 | Lair:3   | 12213 ||| DROPPING +5 orcbow of flaming.
 12224 | Lair:3   | Found a staircase to the Swamp.
 12230 | Lair:3   | 12230 ||| INVOKING Heroism.
 12231 | Lair:3   | 12231 ||| INVOKING Finesse.
 12499 | Lair:3   | Found a hole to the Spider Nest.
 12858 | Lair:3   | 12858 ||| SWAPPING to +4 arbalest of electrocution.
 12859 | Lair:3   | 12859 ||| DROPPING +2 arbalest of electrocution.
 13243 | Lair:3   | 13243 ||| UPGRADING to +0 pair of gloves.
 13248 | Lair:3   | 13248 ||| READING scroll of enchant armour.
 13248 | Lair:3   | 13248 ||| ENCHANTING +0 pair of gloves.
 13261 | Lair:4   | 13261 ||| INVOKING Heroism.
 13275 | Lair:4   | Identified the +2 kite shield of Leaves {+Blink Str+3 Int-5
                  | Slay+6} (Okawaru gifted it to you on level 4 of the Lair of
                  | Beasts)
 13275 | Lair:4   | Received a gift from Okawaru
 13276 | Lair:4   | Paralysed by a floating eye for 3 turns
 13282 | Lair:4   | Paralysed by a floating eye for 4 turns
 13285 | Lair:4   | HP: 21/122 [skyshark (10)]
 13286 | Lair:4   | 13286 ||| STAIRDANCE
 13288 | Lair:3   | 13288 ||| DRINKING 3 potions of heal wounds.
 13289 | Lair:3   | 13289 ||| DRINKING 2 potions of heal wounds.
 13291 | Lair:3   | HP: 23/122 [skyshark (8)]
 13292 | Lair:3   | 13292 ||| DRINKING potion of heal wounds.
 13294 | Lair:3   | Paralysed by a floating eye for 3 turns
 13295 | Lair:3   | HP: 7/122 [skyshark (10)]
 13295 | Lair:3   | HP: 1/122 [skyshark (6)]
 13295 | Lair:3   | Slain by a skyshark

Levels and vault maps discovered:
D:1:      dpeg_arrival_shelter, layout_loops_corners,
          ebering_dispersal_statue_hall
D:2:      layout_basic, nicolae_underground_beach
D:3:      gammafunk_wand_slinger, layout_rooms, minmay_vboxes, uniq_pargi
D:4:      layout_rooms, lemuel_round_altar, mainiacjoe_overflow_alcove_3,
          kennysheep_generic_room_8
D:5:      wander_river, layout_layer_cave, kennysheep_vampire_church,
          serial_shops, shop, enter_ossuary_1, kennysheep_flooded_box,
          hangedman_abyss_or_decor_jellyfish_corner, minmay_door_square,
          minmay_manual_monolith, uniq_menkaure
D:6:      layout_cave_pools, minmay_temple_entry_overgrown, minivault_4,
          small_statue_intersection, nicolae_shop_firing_range, uniq_grinder
D:7:      layout_basic, gammafunk_ghost_grave, serial_shops,
          nicolae_shop_dealshenge
D:8:      layout_rooms, uniq_pikel, uniq_joseph, uniq_psyche, uniq_erica
D:9:      kennysheep_seaside_town, layout_long_grid,
          mainiacjoe_overflow_catwalk_spiral, mainiacjoe_overflow_24_doors
D:10:     layout_loops_ring, mainiacjoe_overflow_tiny_flanked,
          lemuel_doored_altar, erik_lair_orcish_takeover, uniq_sonja
Temple:   grunt_temple_mini_profane
Lair:1:   layout_regular_city
Lair:2:   beast_lair_carwin_large_1, layout_layer_cave, uniq_amaemon
Lair:3:   hellmonk_destroyed_diamonds, layout_cave_pods, swamp_mist,
          spider_nest_entry_webs, disabler_island, uniq_josephine,
          uniq_gastronok
Lair:4:   layout_cave_pods, minmay_slime_entry_eyes, serial_bayou_shore_a,
          grunt_megastairs_3

Skill      XL: |  1  2  3  4  5  6  7  8  9 10 11 12 13 |
---------------+----------------------------------------+-----
Ranged Weapons | 3 4 5 6 9 10 11 13 15 16 | 16.5
Fighting       | 2 4 5 7 9 10 11 13 | 13.0
Armour         | 1 2 3 |  3.1
Dodging        | 3 5 7 8 10 11 | 11.3
Invocations    | 4 7 10 | 10.0
Spellcasting   | |  1.0
Hexes          | |  2.0

Action                     |  1- 3 |  4- 6 |  7- 9 | 10-12 | 13-15 || total
---------------------------+-------+-------+-------+-------+-------++-------
   Fire: Sling             |    93 |   188 |   246 |       |       ||   527
         Orcbow            |       |       |   155 |   684 |    87 ||   926
         Arbalest          |       |       |       |       |    40 ||    40
 Invoke: Heroism           |       |       |     5 |    25 |     3 ||    33
         Finesse           |       |       |       |     1 |     1 ||     2
    Use: Scroll            |     6 |     7 |     7 |    10 |     1 ||    31
         Potion            |       |     1 |     1 |     1 |     3 ||     6
 Armour: Robe              |     3 |       |     2 |     5 |       ||    10
         Ring mail         |    10 |    10 |       |       |       ||    20
         Troll leather arm |       |    10 |    24 |       |       ||    34
         Leather armour    |       |       |       |    19 |    19 ||    38
  Dodge: Dodged            |    21 |    82 |   233 |   239 |   154 ||   729

Table legend:
 A = Non-vault XP
 B = Vault XP
 C = Vault XP percentage of total XP
 D = Non-vault monster count
 E = Vault monster count
 F = Vault count percentage of total count
                 A         B        C        D         E       F
            +---------+---------+-------+---------+---------+-------
      Total |   37599 |   13905 |  27.0 |     310 |     108 |  25.8
            +---------+---------+-------+---------+---------+-------
        D:1 |      29 |       0 |   0.0 |      16 |       0 |   0.0
        D:2 |      77 |       0 |   0.0 |      20 |       0 |   0.0
        D:3 |      67 |     159 |  70.4 |      20 |       9 |  31.0
        D:4 |     173 |       5 |   2.8 |      19 |       2 |   9.5
        D:5 |     513 |     608 |  54.2 |      25 |      13 |  34.2
        D:6 |    1033 |     286 |  21.7 |      17 |       1 |   5.6
        D:7 |    1779 |       0 |   0.0 |      29 |       0 |   0.0
        D:8 |    2639 |    2328 |  46.9 |      28 |       4 |  12.5
        D:9 |    2026 |    1320 |  39.5 |      22 |      24 |  52.2
       D:10 |    3339 |    1365 |  29.0 |      20 |       9 |  31.0
     Lair:1 |    8104 |       0 |   0.0 |      26 |       0 |   0.0
     Lair:2 |    9424 |    2673 |  22.1 |      39 |      12 |  23.5
     Lair:3 |    7217 |    5141 |  41.6 |      24 |      14 |  36.8
     Lair:4 |    1179 |       0 |   0.0 |       5 |       0 |   0.0
    Ossuary |       0 |      20 | 100.0 |       0 |      20 | 100.0
            +---------+---------+-------+---------+---------+-------
